 Dungeon Crawl Stone Soup version 0.20-a0-633-gff4aa5c (webtiles) character file.

295 polly the Covered (level 6, -3/38 HPs)
             Began as a Gargoyle Fighter on Feb 12, 2017.
             Killed by divine providence
             ... invoked by an orc priest
              (7 damage)
             ... on level 3 of the Dungeon.
             The game lasted 00:02:53 (2624 turns).

polly the Covered (Gargoyle Fighter)                Turns: 2624, Time: 00:02:53

Health: -3/38      AC: 11    Str: 20    XL:     6   Next: 34%
Magic:  6/6        EV:  8    Int:  9    God:
Gold:   160        SH:  0    Dex: 10    Spells: 5/5 levels left

rFire    + . .     SeeInvis .   a - +0 flail
rCold    + + .     Gourm    .   b - +0 scale mail
rNeg     + . .     Faith    .   c - +0 shield
rPois    ∞         Spirit   .   (no helmet)
rElec    +         Reflect  .   y - scarf {rC+}
rCorr    +         Harm     .   (no gloves)
MR       .....                  (no boots)
Stlth    ..........             (no amulet)
Regen    0.2/turn               (no ring)
                                (no ring)

@: confused, resistant
A: negative energy resistance 1, electricity resistance, unbreathing,
petrification resistance, rot immunity, AC +4
a: no special abilities


You were on level 3 of the Dungeon.
You were not hungry.

You visited 1 branch of the dungeon, and saw 3 of its levels.

You collected 160 gold pieces.

Inventory:

Hand Weapons
 a - a +0 flail (weapon)
Armour
 b - a +0 scale mail (worn)
 c - a +0 shield (worn)
 y - a scarf of cold resistance (worn)
Jewellery
 m - an uncursed ring of ice {unknown}
 o - an uncursed amulet of harm {unknown}
 x - an uncursed ring of ice {unknown}
Scrolls
 e - 5 scrolls of identify {unknown}
 h - 2 scrolls of fear {unknown}
 j - 3 scrolls of enchant weapon {unknown}
 n - 2 scrolls of enchant armour {unknown}
 q - a scroll of teleportation {unknown}
 r - a scroll of remove curse {unknown}
 w - a scroll of random uselessness {unknown}
Potions
 d - a potion of might
 g - a potion of lignification {unknown}
 i - a potion of resistance
 p - a potion of ambrosia
 s - a potion of flight {unknown}
 t - 2 potions of berserk rage {unknown}
Comestibles
 f - a bread ration
 k - 8 fruits
 u - a royal jelly
 v - a chunk of flesh


   Skills:
 + Level 4.1 Fighting
 + Level 3.6 Maces & Flails
 + Level 5.0 Armour
 + Level 1.5 Dodging
 + Level 4.2 Shields


You had 5 spell levels left.
You didn't know any spells.

Dungeon Overview and Level Annotations

Branches:
Dungeon (3/15)

Altars:
Fedhas
Okawaru
Yredelemnul


Innate Abilities, Weirdness & Mutations

You are resistant to torment.
Your stone body is resilient. (AC +4)
You are immune to poison.
You resist negative energy. (rN+)
You are resistant to electric shocks. (rElec)
You can survive without breathing.
You are immune to petrification.
You are immune to rotting.


Message History

You block the orc wizard's attack. The orc hits you but does no damage.
You hit the orc priest.
The orc priest is heavily wounded.
The orc priest invokes the aid of Beogh against you.
Beogh smites you!
* * * LOW HITPOINT WARNING * * *
The orc wizard hits you with a dagger.
* * * LOW HITPOINT WARNING * * *
You block the orc's attack.
It was a potion of resistance.
You feel protected.
The orc priest calls down the wrath of Beogh upon you.
You barely resist. You block the orc wizard's attack.
You block the orc's attack.
It was a potion of ambrosia.
You are confused.
You feel invigorated.
The orc priest mumbles some strange prayers to Beogh against you.
Beogh smites you!
You die...

####### #.....# #.....#
#.....# ##.....###
.).......###
##.....#...######
#.....###......###########
#.....# ######.@o........#
#.....# #.oo........# #####
####### ##..........# ....#
###############...........#
....#
..................####..###
....#
#.†..#########.########.).#
....# .###....####...#....#
###>##....#
.............###....#
#....#
#######.............#
###..#


You could see an orc priest, an orc wizard and an orc.

Vanquished Creatures
  Purgy (D:3)
  Natasha (twice) (D:2)
  Terence (D:2)
  6 adders
  2 oozes
  A dart slug (D:3)
  A leopard gecko (D:2)
  An orc (D:3)
  5 giant cockroaches
  12 goblins
  6 hobgoblins
  3 jackals (D:3)
  6 kobolds
  A quokka (D:2)
  A ball python (D:2)
  4 bats
  4 frilled lizards
  8 rats
65 creatures vanquished.

Notes
Turn   | Place    | Note
-------+----------+-------------------------------------------
     0 | D:1      | polly the Gargoyle Fighter began the quest for the Orb.
     0 | D:1      | Reached XP level 1. HP: 14/14 MP: 1/1
     6 | D:1      | Noticed a rime drake
     6 | D:1      | Noticed a salamander
     6 | D:1      | Noticed a black bear
     7 | D:1      | Noticed an iguana
     7 | D:1      | Noticed a swamp worm
   225 | D:1      | Reached XP level 2. HP: 15/19 MP: 2/2
   626 | D:1      | Reached XP level 3. HP: 23/23 MP: 3/3
  1055 | D:2      | Found a blossoming altar of Fedhas.
  1055 | D:2      | Found a basalt altar of Yredelemnul.
  1159 | D:2      | Noticed Terence
  1179 | D:2      | Killed Terence
  1179 | D:2      | Reached skill level 4 in Armour
  1179 | D:2      | Reached XP level 4. HP: 11/29 MP: 4/4
  1437 | D:2      | Noticed Natasha
  1443 | D:2      | Killed Natasha
  1597 | D:2      | Noticed Natasha
  1609 | D:2      | Killed Natasha
  1609 | D:2      | Reached skill level 1 in Dodging
  1609 | D:2      | Reached XP level 5. HP: 10/33 MP: 5/5
  2005 | D:3      | Noticed Purgy
  2026 | D:3      | Killed Purgy
  2026 | D:3      | Reached skill level 5 in Armour
  2026 | D:3      | Reached XP level 6. HP: 24/38 MP: 6/6
  2523 | D:3      | Found an iron altar of Okawaru.
  2622 | D:3      | HP: 1/38 [orc wizard/dagger (1)]
  2624 | D:3      | Killed from afar by an orc priest

Vault maps used:
D:1:      onia_arrival_zoo_common, serial_bayou, serial_bayou_lagoon_a,
          serial_bayou_pond_a, serial_bayou_pond_e, serial_bayou_shore_a,
          grunt_decor_fettered, corexii_leaking_fountain
D:2:      gammafunk_temple_overflow_wave, uniq_natasha, uniq_terence
D:3:      lemuel_statue_altar, uniq_purgy

Skill      XL: |  1  2  3  4  5  6 |
---------------+-------------------+-----
Armour         | 4 5 |  5.0
Maces & Flails | 3 |  3.6
Dodging        | 1 |  1.5
Shields        | 4 |  4.2
Fighting       | 4 |  4.1

Action                   |  1- 3 |  4- 6 || total
-------------------------+-------+-------++-------
Melee: Flail             |   115 |   230 ||   345
  Use: Potion            |       |     2 ||     2
  Eat: Chunk             |       |     6 ||     6
Armor: Scale mail        |    71 |   154 ||   225
Dodge: Dodged            |    34 |    92 ||   126
Block: Shield            |    72 |   146 ||   218
